 Dungeon Crawl Stone Soup version 0.30-a0-6-g7c9e10e132 (webtiles) character file.

Game seed: 1796944220546802179

415 SensoryNuts the Shield-Bearer (level 6, -1/61 HPs)
             Began as a Troll Fighter on Aug 22, 2022.
             Slain by an orc wizard
             ... wielding a +0 dagger of venom
              (2 damage)
             ... on level 3 of the Dungeon.
             The game lasted 00:05:31 (2911 turns).

SensoryNuts the Shield-Bearer (Troll Fighter)       Turns: 2911, Time: 00:05:32

Health: -1/61      AC:  4    Str: 26    XL:     6   Next: 60%
Magic:  5/5        EV: 10    Int:  1    God:
Gold:   62         SH:  0    Dex: 13    Spells: 5/5 levels left

rFire   . . .      SeeInvis .    q - +0 halberd
rCold   . . .      Faith    .    (shield currently unavailable)
rNeg    . . .      Spirit   .    b - +0 robe
rPois   .          Reflect  .    (helmet restricted)
rElec   .          Harm     .    (no cloak)
rCorr   .          Rampage  .    (gloves unavailable)
Will    .....                    (boots unavailable)
Stlth   +.........               (no amulet)
HPRegen 1.00/turn                (no ring)
MPRegen 0.09/turn                (no ring)

@: confused, mighty, brilliant, lethally poisoned (-1 -> -11), ambrosia-drunk
A: large, unfitting armour, claws 3, regeneration 1, shaggy fur 1, tough skin 1,
agile 1, dopey 1
a: no special abilities


You were on level 3 of the Dungeon.
You visited 1 branch of the dungeon, and saw 4 of its levels.

You collected 162 gold pieces.
You spent 100 gold pieces at shops.

Inventory:

Hand Weapons
 q - a +0 halberd (weapon)
Armour
 b - a +0 robe (worn)
Wands
 a - a wand of mindburst (1)
 m - a wand of flame (49)
Scrolls
 h - 2 scrolls of teleportation
 n - a scroll of noise
 o - a scroll of butterflies
 p - a scroll of poison
 r - a scroll of vulnerability
Potions
 c - a potion of degeneration
 d - a potion of might
 g - 2 potions of brilliance
 j - a potion of mutation


   Skills:
 + Level 3.1 Fighting
 - Level 3.4(3.8) Axes
 - Level 2.1(3.2) Maces & Flails
 * Level 0.8(2.3) Polearms
 + Level 3.3 Dodging
 + Level 0.4 Stealth
 + Level 3.6 Shields


You had 5 spell levels left.
You didn't know any spells.
Your spell library contained the following spells:

 Spells                   Type           Power      Damage    Failure   Level
 Conjure Flame            Conj/Fire      0%         6-21      91%         3
 Ignite Poison            Fire/Tmut/Pois 0%         N/A       91%         3
 Sticky Flame             Conj/Fire      0%         2d3       100%        4
 Iskenderun's Battlesphe  Conj           0%         2d6       100%        5
 Iron Shot                Conj/Erth      0%         9d1       100%        6
 Spellforged Servitor     Conj/Summ      0%         N/A       100%        7


Dungeon Overview and Level Annotations

Branches:
Dungeon (4/15)
 Temple: D:4-7

Altars:
Kikubaaqudgha

Shops:
D:2 *   D:3 *(**


Innate Abilities, Weirdness & Mutations

You are too large for most types of armour.
You have claws for hands.
Your natural rate of healing is unusually fast.
You are covered in fur. (AC +1)
You have tough skin. (AC +1)
You are agile. (Dex +4, Str/Int -1)
You are dopey. (Int -2)


Message History

You are more poisoned.
You bump into the rock wall.
* * * LOW HITPOINT WARNING * * *
You feel very sick. Something hits you.
* * * LOW HITPOINT WARNING * * *
You are lethally poisoned!
You completely miss something.
* * * LOW HITPOINT WARNING * * *
You feel extremely sick.
You hear some strange, mumbled words.
A magic dart appears from out of thin air!
The magic dart hits you.
* * * LOW HITPOINT WARNING * * *
You hear some strange, mumbled words.
A magic dart appears from out of thin air!
The magic dart hits you.
* * * LOW HITPOINT WARNING * * *
Unknown command.
You feel clever all of a sudden.
You feel less invigorated.
You feel less confused.
* * * LOW HITPOINT WARNING * * *
You feel very sick. Something hits you.
* * * LOW HITPOINT WARNING * * *
Okay, then.
You are confused.
You feel invigorated.
* * * LOW HITPOINT WARNING * * *
You feel very sick.
An orc wizard appears from thin air!
Reactivating autopickup.
The orc wizard hits you but does no damage.
You are more poisoned.
You closely miss the orc wizard.
* * * LOW HITPOINT WARNING * * *
You feel extremely sick.
The orc wizard hits you with a +0 dagger of venom.
You die...

##.8<∩.8.#.........#........#.#
#..##....#.........#.########.##
.....8........######.# #.......#
.......<#.....#####..# #.#######
........#............# #)#
....)..#...########..# #.#
....)).#~~≈≈≈≈# #...# #.#
.......#...#######.#####.#######
####...........o@..............#
...............#########.###.###
...............# #.# #.#
...............# #.###.#
...#...........# #.....#
...#...........# #######
...#.....####### ...#.....#
.........#######


You could see an orc wizard.

Vanquished Creatures
  Grinder (D:3)
  An orc priest (D:3)
  Ijyb (D:3)
  Jessica (D:3)
  An orc wizard (D:3)
  4 adders
  A worm (D:3)
  11 orcs
  A ball python (D:2)
  2 endoplasms
  A giant cockroach (D:3)
  4 goblins
  6 hobgoblins
  2 jackals (D:1)
  2 quokkas (D:1)
  5 bats
  3 frilled lizards
  6 kobolds
  7 rats
60 creatures vanquished.

Notes
Turn   | Place    | Note
-------+----------+-------------------------------------------
     0 | D:1      | SensoryNuts the Troll Fighter began the quest for the Orb.
     0 | D:1      | Reached XP level 1. HP: 22/22 MP: 0/0
   224 | D:1      | Reached XP level 2. HP: 29/29 MP: 1/1
   938 | D:2      | Reached XP level 3. HP: 29/36 MP: 2/2
   970 | D:2      | Found a faded altar of an unknown god.
  1135 | D:2      | Found Cejoubef's Assorted Antiques.
  1857 | D:3      | Found Keitou's Assorted Antiques.
  1860 | D:3      | Reached XP level 4. HP: 34/44 MP: 3/3
  1910 | D:3      | Reached skill level 1 in Maces & Flails
  1931 | D:3      | Found Miutarys's General Store.
  1942 | D:3      | Found Itoah's Antique Weapon Shop.
  1954 | D:3      | Bought a halberd for 100 gold pieces
  1997 | D:3      | Found an ancient bone altar of Kikubaaqudgha.
  2012 | D:3      | Noticed Grinder
  2012 | D:3      | Paralysed by Grinder for 3 turns
  2023 | D:3      | Paralysed by Grinder for 2 turns
  2025 | D:3      | Killed Grinder
  2026 | D:3      | Reached XP level 5. HP: 36/53 MP: 4/4
  2026 | D:3      | Reached XP level 6. HP: 41/61 MP: 5/5
  2130 | D:3      | Noticed Ijyb
  2150 | D:3      | Killed Ijyb
  2363 | D:3      | Noticed Jessica
  2367 | D:3      | Killed Jessica
  2579 | D:3      | Found Vucas's General Store.
  2686 | D:3      | Gained mutation: You are agile. (Dex +4, Str/Int -1)
                  | [potion of mutation]
  2686 | D:3      | Gained mutation: You are dopey. (Int -2) [potion of
                  | mutation]
  2909 | D:3      | HP: 2/61 [something (2)]
  2911 | D:3      | Slain by an orc wizard

Illustrated notes

Levels and vault maps discovered:
D:1:      dpeg_arrival_round_b, layout_basic
D:2:      layout_basic, shapermc_ecumenical_altar_petra, serial_shops,
          nicolae_shop_temple_entry_statues_fountains
D:3:      layout_basic, nicolae_overflow_crystal_walls, serial_rivers,
          chequers_serial_rivers_room_a, chequers_serial_rivers_micro_b,
          chequers_serial_rivers_micro_d, chequers_serial_rivers_room_b,
          serial_shops, nicolae_shop_statue_plus, shop, shop,
          nicolae_shop_advertising_works [nicolae_subvault_shop_adworks],
          small_statue_intersection, uniq_ijyb, uniq_grinder, uniq_jessica
D:4:      layout_gridville, gammafunk_ghost_nasty_kobolds,
          nicolae_kite_square_tiling_tiny, hangedman_decor_peaks_small

Skill      XL: |  1  2  3  4  5  6 |
---------------+-------------------+-----
Shields        | 3 |  3.6
Axes           | 2 3 |  3.4
Maces & Flails | 1 2 |  2.1
Fighting       | 3 |  3.1
Dodging        | 3 |  3.3
Polearms       | |  0.8
Stealth        | |  0.4

Action                   |  1- 3 |  4- 6 || total
-------------------------+-------+-------++-------
Melee: War axe           |   107 |    16 ||   123
       Halberd           |       |    85 ||    85
  Use: Potion            |       |    16 ||    16
       Scroll            |       |     6 ||     6
Armor: Robe              |    45 |    43 ||    88
Dodge: Dodged            |    47 |    55 ||   102
Block: Kite shield       |    58 |     9 ||    67

Table legend: (Time is in decaauts)
 A = Elapsed time spent in this place.
 B = Non-inter-level travel time spent in this place.
 C = Inter-level travel time spent in this place.
 D = Time resting spent in this place.
 E = Time spent auto-exploring this place.
 F = Levels seen in this place.
 G = Mean time per level.
                   A        B        C        D        E       F      G
               +--------+--------+--------+--------+--------+-----+--------+
         Total |   3031 |   2621 |    410 |      0 |   2008 |   4 |  757.8 |
       Dungeon |   3031 |   2621 |    410 |      0 |   2008 |   4 |  757.8 |
               +--------+--------+--------+--------+--------+-----+--------+

Top non-repeatable levels by time:
     D:3: 1126 daAuts
     D:1: 929 daAuts
     D:2: 924 daAuts
     D:4: 50 daAuts
